 Dungeon Crawl Stone Soup version 0.23.2-30-g0e89c35 (webtiles) character file.

Game seed: 15433727403900920685

63 Fortress the Firebug (level 3, -7/24 HPs)
             Began as a Demonspawn Fire Elementalist on June 10, 2019.
             Mangled by Terence
             ... wielding a +0 flail of protection
              (9 damage)
             ... on level 2 of the Dungeon.
             The game lasted 00:04:06 (1117 turns).

Fortress the Firebug (Demonspawn Fire Elementalist) Turns: 1117, Time: 00:04:07

Health: -7/24      AC:  2    Str:  8    XL:     3   Next: 89%
Magic:  0/7        EV: 12    Int: 17    God:
Gold:   90         SH:  0    Dex: 13    Spells: 6/7 levels left

rFire    . . .     SeeInvis .   g - +0 dagger
rCold    . . .     Gourm    .   (no shield)
rNeg     . . .     Faith    .   a - +0 robe
rPois    .         Spirit   .   (no helmet)
rElec    .         Reflect  .   (no cloak)
rCorr    +         Harm     .   (no gloves)
MR       .....                  (no boots)
Stlth    ++........             (no amulet)
HPRegen  0.08/turn              i - ring of resist corrosion
MPRegen  0.10/turn              (no ring)

@: no status effects
A: claws 1, talons 1
a: no special abilities


You were on level 2 of the Dungeon.
You were hungry.

You visited 1 branch of the dungeon, and saw 2 of its levels.

You collected 90 gold pieces.

Inventory:

Hand Weapons
 g - a +0 dagger (weapon)
Missiles
 f - a throwing net (quivered)
Armour
 a - a +0 robe (worn)
Jewellery
 i - a ring of resist corrosion (left claw)
Scrolls
 b - a scroll of fog {unknown}
 d - a scroll of identify {unknown}
 e - a scroll of enchant weapon {unknown}
 j - a scroll of amnesia {unknown}
Potions
 h - a potion of degeneration {unknown}
 k - a potion of curing {unknown}
Comestibles
 c - 4 rations


   Skills:
 - Level 2.0 Dodging
 - Level 2.0 Stealth
 + Level 2.9 Spellcasting
 + Level 1.4 Conjurations
 + Level 3.4 Fire Magic


You had 6 spell levels left.
You knew the following spells:

 Your Spells              Type           Power        Failure   Level  Hunger
a - Flame Tongue          Conj/Fire      ##...        7%          1    None

Your spell library contained the following spells:

 Spells                   Type           Power        Failure   Level  Hunger
 Throw Flame              Conj/Fire      ##....       10%         2    ##.....
 Conjure Flame            Conj/Fire      ##......     21%         3    ###....
 Inner Flame              Hex/Fire       #.......     26%         3    ###....
 Sticky Flame             Conj/Fire      ##......     54%         4    ####...
 Fireball                 Conj/Fire      ##........   88%         5    ######.


Dungeon Overview and Level Annotations

Branches:
Dungeon (2/15)

Altars:

Annotations:
D:2 Terence


Innate Abilities, Weirdness & Mutations

You have sharp fingernails.
You have sharp toenails.


Message History

Terence hits you with a +0 flail of protection!
The kobold hits you but does no damage.
You hit the kobold but do no damage. The kobold hits you but does no damage.
Terence misses you.
You hit the kobold. You claw the kobold.
You kill the kobold!
You hit Terence but do no damage. You claw Terence, but do no damage.
Terence hits you with a +0 flail of protection.
* * * LOW HITPOINT WARNING * * *
Casting: Flame Tongue (safe; 7% risk of failure)
Confirm with . or Enter, or press ? or * to list all spells.
Aiming: Flame Tongue (safe; 7% risk of failure)
Press: ? - help, Shift-Dir - straight line, f/p - Terence
Aim: Terence, wielding a +0 flail of protection and wearing a +0 scale mail The flame tongue hits Terence but does no damage.
Terence hits you with a +0 flail of protection.
* * * LOW HITPOINT WARNING * * *
You hit Terence but do no damage.
Terence hits you with a +0 flail of protection!
You die...

#..#.##.# #..... ..
#....##.#####....###.
##.##.##.#.<.........
....................
#........#.........
#.#......#####....###...
#.#.#<.#.# #..†.......
#.#.#....### #$.@##
........§..###..@###
≈≈≈§.≈≈§§≈.#.......#
###≈§≈###≈§#.##<##.# #
#≈.≈# #≈...†...#.##
###§.≈###≈.#........#
§§≈§.§≈≈≈≈....###...###..
§......§...#..###........
≈≈≈≈.§§§≈≈.#........##..P
###≈.≈###§........#.###..


You could see Terence.

Vanquished Creatures
  Natasha (D:2)
  2 oozes
  4 dart slugs
  A leopard gecko (D:1)
  A giant cockroach (D:2)
  2 hobgoblins
  2 kobolds (D:2)
  A ball python (D:1)
  3 bats
  A frilled lizard (D:1)
  4 goblins
22 creatures vanquished.

Vanquished Creatures (others)
  A leopard gecko (D:2)
  A hobgoblin (D:2)
2 creatures vanquished.

Grand Total: 24 creatures vanquished

Notes
Turn   | Place    | Note
-------+----------+-------------------------------------------
     0 | D:1      | Fortress the Demonspawn Fire Elementalist began the quest
                  | for the Orb.
     0 | D:1      | Reached XP level 1. HP: 13/13 MP: 3/3
   430 | D:1      | Gained mutation: You have sharp fingernails. [demonic
                  | ancestry]
   430 | D:1      | Reached XP level 2. HP: 19/19 MP: 3/5
   706 | D:1      | Reached skill level 3 in Fire Magic
   794 | D:2      | Gained mutation: You have sharp toenails. [demonic
                  | ancestry]
   794 | D:2      | Reached XP level 3. HP: 24/24 MP: 1/6
   827 | D:2      | Noticed Natasha
   832 | D:2      | Killed Natasha
  1101 | D:2      | Noticed Terence
  1117 | D:2      | Mangled by Terence

Skill      XL: |  1  2  3 |
---------------+----------+-----
Fire Magic     | 3 |  3.4
Dodging        | 2 |  2.0
Stealth        | 2 |  2.0
Spellcasting   | |  2.9
Conjurations   | |  1.4

Action                   || total
-------------------------++-------
Melee: Unarmed           ||     9
       Dagger            ||    19
       Kick              ||     4
 Cast: Flame Tongue      ||    39
Armor: Robe              ||     4
Dodge: Dodged            ||    26
